 Dungeon Crawl Stone Soup version 0.21-a0-178-g0b87683 (webtiles) character file.

22966 tilp the Arsonist (level 13, -8/105 HPs)
             Began as a Hill Orc Fire Elementalist on Aug 9, 2017.
             Was a High Priest of Okawaru.
             Mangled by an earth elemental (33 damage)
             ... summoned by a deep elf mage
             ... on level 12 of the Dungeon.
             The game lasted 01:14:41 (18180 turns).

tilp the Arsonist (Hill Orc Fire Elementalist)     Turns: 18180, Time: 01:14:43

Health: -8/105     AC:  6    Str: 14    XL:     13   Next: 3%
Magic:  3/18       EV: 12    Int: 16    God:    Okawaru [*****.]
Gold:   554        SH:  0    Dex:  7    Spells: 5/22 levels left

rFire    + . .     SeeInvis .   I - +5 morningstar "Killer Klown's Doom" {crush, +Inv Int-3 Stlth+}
rCold    + + .     Gourm    .   (no shield)
rNeg     . . .     Faith    .   H - +0 troll leather armour
rPois    +         Spirit   .   K - +1 helmet of Carrel {+Fly rC++ Regen+ Dex-4 Stlth+}
rElec    .         Reflect  .   (no cloak)
rCorr    .         Harm     .   d - +0 pair of gloves
MR       .....                  w - +0 pair of boots
Stlth    +++.......             (no amulet)
HPRegen  1.07/turn              h - ring of poison resistance
MPRegen  0.16/turn              q - ring of fire

@: no status effects
A: blink, cold resistance 1, deformed body, low mp 1, mutation resistance 1,
strong 1, sturdy frame 1
a: Blink, Heroism, Finesse, Renounce Religion, Evoke Invisibility, Evoke Flight


You were on level 12 of the Dungeon.
You worshipped Okawaru.
Okawaru was extremely pleased with you.
You were hungry.

You visited 2 branches of the dungeon, and saw 13 of its levels.
You also visited: Sewer.

You collected 554 gold pieces.

Inventory:

Hand Weapons
 o - a +2 hand axe of electrocution
 z - a +3 vampiric dagger
 A - a +3 long sword
 I - the +5 morningstar "Killer Klown's Doom" (weapon) {crush, +Inv Int-3 Stlth+}
   (You found it on level 7 of the Dungeon)

   It inflicts extra damage upon your enemies.
   It affects your intelligence (-3).
   It lets you turn invisible.
   It makes you more stealthy.
 N - a +1 hand axe of flaming
 V - a +4 scimitar
Missiles
 y - 6 tomahawks of dispersal (quivered)
 F - 10 tomahawks
 O - 10 poisoned tomahawks
Armour
 d - a +0 pair of gloves (worn)
 w - a +0 pair of boots (worn)
 H - a +0 troll leather armour (worn)
 K - the +1 helmet of Carrel (worn) {+Fly rC++ Regen+ Dex-4 Stlth+}
   (You found it on level 7 of the Dungeon)

   It affects your dexterity (-4).
   It greatly protects you from cold.
   It lets you fly.
   It increases your rate of regeneration.
   It makes you more stealthy.
Magical Staves
 R - an uncursed staff of power {unknown}
Jewellery
 h - a ring of poison resistance (left hand)
 l - an uncursed ring of resist corrosion
 q - a ring of fire (right hand)
 D - an uncursed ring of see invisible
Wands
 n - a wand of confusion (30/48)
Scrolls
 e - 2 scrolls of teleportation
 g - 9 scrolls of remove curse
 m - 2 scrolls of fear
 p - a scroll of magic mapping
 r - a scroll of recharging
 s - a scroll of brand weapon {unknown}
 u - a scroll of enchant weapon {unknown}
 x - a scroll of fog
 C - 2 scrolls of blinking {unknown}
 T - 2 scrolls of vulnerability {unknown}
Potions
 f - a potion of might
 i - 4 potions of curing
 j - a potion of lignification
 v - a potion of haste
 B - 2 potions of flight
 J - a potion of cancellation {unknown}
 L - 2 potions of heal wounds
 U - 2 potions of brilliance {unknown}
Books
 b - a book of Flames

   Spells                             Type                      Level
   a - Flame Tongue                   Conjuration/Fire             1
   b - Throw Flame                    Conjuration/Fire             2
   c - Conjure Flame                  Conjuration/Fire             3
   d - Inner Flame                    Hexes/Fire                   3
   e - Sticky Flame                   Conjuration/Fire             4
   f - Fireball                       Conjuration/Fire             5
 k - a book of Minor Magic

   Spells                             Type                      Level
   a - Magic Dart                     Conjuration                  1
   b - Blink                          Translocation                2
   c - Call Imp                       Summoning                    2
   d - Slow                           Hexes                        2
   e - Conjure Flame                  Conjuration/Fire             3
   f - Mephitic Cloud                 Conjuration/Poison/Air       3
 t - a book of Party Tricks

   Spells                             Type                      Level
   a - Summon Butterflies             Summoning                    1
   b - Apportation                    Translocation                1
   c - Lesser Beckoning               Translocation                3
   d - Tukima's Dance                 Hexes                        3
   e - Alistair's Intoxication        Transmutation/Poison         5
   f - Invisibility                   Hexes                        6
 G - a book of Cantrips

   Spells                             Type                      Level
   a - Confusing Touch                Hexes                        1
   b - Animate Skeleton               Necromancy                   1
   c - Summon Small Mammal            Summoning                    1
   d - Apportation                    Translocation                1
 P - a book of Maledictions

   Spells                             Type                      Level
   a - Corona                         Hexes                        1
   b - Ensorcelled Hibernation        Hexes/Ice                    2
   c - Confuse                        Hexes                        3
   d - Tukima's Dance                 Hexes                        3
   e - Dazzling Spray                 Conjuration/Hexes            3
 Q - a book of Clouds

   Spells                             Type                      Level
   a - Poisonous Vapours              Poison/Air                   2
   b - Mephitic Cloud                 Conjuration/Poison/Air       3
   c - Conjure Flame                  Conjuration/Fire             3
   d - Freezing Cloud                 Conjuration/Ice/Air          6
   e - Ring of Flames                 Charms/Fire                  7
 S - a book of Geomancy

   Spells                             Type                      Level
   a - Sandblast                      Earth                        1
   b - Passwall                       Transmutation/Earth          2
   c - Stone Arrow                    Conjuration/Earth            3
   d - Petrify                        Transmutation/Earth          4
   e - Lee's Rapid Deconstruction     Earth                        5
Miscellaneous
 Y - a phantom mirror
Comestibles
 a - 3 meat rations
 c - 8 bread rations
 E - 9 royal jellies
 M - 3 fruits


   Skills:
 - Level 7.0 Fighting
 - Level 3.3 Dodging
 - Level 1.5 Stealth
 + Level 5.1 Spellcasting
 * Level 12.9 Conjurations
 + Level 14.5 Fire Magic
 - Level 5.1 Invocations


You had 5 spell levels left.
You knew the following spells:

 Your Spells              Type           Power        Failure   Level  Hunger
a - Flame Tongue          Conj/Fire      #####        1%          1    None
b - Throw Flame           Conj/Fire      ######       1%          2    #......
c - Conjure Flame         Conj/Fire      ######..     1%          3    ###....
d - Sticky Flame          Conj/Fire      ######..     1%          4    ####...
e - Animate Skeleton      Necr           N/A          16%         1    None
f - Apportation           Tloc           #.....       16%         1    None
g - Fireball              Conj/Fire      ######....   1%          5    ######.


Dungeon Overview and Level Annotations

Branches:
Dungeon (12/15)            Temple (1/1) D:5            Lair (0/6) D:11
    Orc (0/2) D:12

Altars:
Ashenzari
Cheibriados
Dithmenos
Elyvilon
Fedhas
Gozag
Hepliaklqana
Kikubaaqudgha
Makhleb
Nemelex Xobeh
Okawaru
Qazlal
Ru
Sif Muna
Trog
Uskayaw
Vehumet
Wu Jian
Xom
Yredelemnul
Zin
The Shining One

Shops:
D:5 :

Annotations:
D:4 !Pikel (?)
D:7 1 exclusion, Dowan; Duvessa; tilp's ghost, novice HOFE
D:11 1 exclusion, Fannar; asdu's ghost, journeyman DsCK


Innate Abilities, Weirdness & Mutations

You can translocate small distances at will.
Your flesh is cold resistant. (rC+)
Armour fits poorly on your strangely shaped body.
Your magical capacity is low. (-10% MP)
You are somewhat resistant to further mutation.
Your muscles are strong. (Str +2)
Your movements are slightly less encumbered by armour. (ER -2)


Message History

The stone arrow misses you.
The stone arrow hits the earth elemental.
The deep elf mage hits you but does no damage.
The earth elemental hits you!!
* * * LOW HITPOINT WARNING * * *
You hit the deep elf mage.
The deep elf mage is almost dead.
The deep elf mage misses you. The earth elemental misses you.
Unknown command.
Casting: Flame Tongue
Confirm with . or Enter, or press ? or * to list all spells.
You don't have enough magic to cast that spell.
You closely miss the deep elf mage.
The deep elf mage is almost dead.
The deep elf mage gestures at you while chanting.
The stone arrow hits you!
* * * LOW HITPOINT WARNING * * *
The deep elf mage hits you but does no damage.
The earth elemental hits you!!
You die...

.# #.#####.#.###.## #...# .#
#.#####.#....## #...# .#
#.......#.>.####### #...# .#
##########...###...# #...#
.# #.....#.......##.#.#
#...### .#
#>....#.###.#.##.#PP####....
## #....<......#....##ss.
##... #
#.....#.##.e#.##..####P ###.
#### #.....#....@...#######
# ## )..#
#########.#E##.......# ##.#
#.#E##..###### ##.####
######.#E##..#
......###......#(##..#
##.#........##.#(##..#
##.#..###.#.##.......##
##....# #.#.....(##...#
#####.# #.####.##.....#


You could see 3 earth elementals and a deep elf mage.

Vanquished Creatures
  3 hydras
  7 two-headed ogres
  Sonja (D:11)
  An unseen horror (D:11)
  Pikel (D:6)
  4 ugly things
  A manticore (D:12)
  4 trolls
  Prince Ribbit (D:7)
  6 slime creatures (D:12)
  A hippogriff (D:8)
  Sigmund (D:4)
  2 dream sheep (D:9)
  6 yaks
  A shadow (D:12)
  A vampire (D:10)
  A steam dragon (D:11)
  A hungry ghost (D:10)
  2 vampire mosquitoes (D:12)
  A soldier ant (D:12)
  2 acid dragons
  2 ice beasts
  3 eyes of draining
  5 orc warriors
  9 sky beasts
  A black bear (D:6)
  4 slaves
  3 phantoms
  A necrophage (D:12)
  7 ogres
  2 wolves (D:11)
  9 centaurs
  4 big kobolds
  4 bullfrogs
  A wyvern skeleton (D:12)
  3 scorpions
  12 killer bees
  8 wights (D:11)
  3 electric eels (D:11)
  6 howler monkeys
  2 centaur zombies
  5 crimson imps
  3 quasits
  10 orc priests
  2 jellies
  A centaur skeleton (D:11)
  9 orc wizards
  2 bullfrog skeletons
  10 hounds
  Terence (D:2)
  3 iguanas (D:8)
  15 worker ants
  A killer bee zombie (D:8)
  A hound skeleton (D:6)
  A howler monkey zombie (D:5)
  Robin (D:4)
  A worker ant zombie (D:11)
  6 gnolls (D:6)
  2 river rats (Sewer)
  15 adders
  4 shadow imps
  2 oozes (D:1)
  An adder zombie (D:5)
  4 adder skeletons
  2 worms
  A dart slug (D:1)
  7 leopard geckos
  39 orcs
  5 ball pythons
  8 bats
  4 giant cockroaches
  7 hobgoblins
  15 jackals
  3 quokkas
  7 frilled lizards
  12 goblins
  10 kobolds
  12 rats
369 creatures vanquished.

Vanquished Creatures (others)
  16 fungi (D:12)
16 creatures vanquished.

Grand Total: 385 creatures vanquished

Notes
Turn   | Place    | Note
-------+----------+-------------------------------------------
     0 | D:1      | tilp the Hill Orc Fire Elementalist began the quest for the Orb.
     0 | D:1      | Reached XP level 1. HP: 14/14 MP: 3/3
    49 | D:1      | Reached XP level 2. HP: 20/20 MP: 0/5
   518 | D:1      | Reached XP level 3. HP: 21/26 MP: 1/6
   525 | D:1      | Learned a level 2 spell: Throw Flame
   529 | D:1      | Learned a level 3 spell: Conjure Flame
  1594 | D:2      | Noticed Terence
  1629 | D:2      | Killed Terence
  1629 | D:2      | Reached XP level 4. HP: 12/33 MP: 4/7
  2138 | D:3      | Reached XP level 5. HP: 36/38 MP: 2/8
  2191 | D:3      | Reached skill level 4 in Fire Magic
  2748 | D:4      | Noticed a slave
  2748 | D:4      | Noticed a slave
  2748 | D:4      | Noticed a slave
  2800 | D:4      | Reached skill level 1 in Fighting
  2800 | D:4      | Reached XP level 6. HP: 22/47 MP: 2/9
  3242 | D:4      | Noticed Sigmund
  3276 | D:4      | Killed Sigmund
  3276 | D:4      | Reached skill level 5 in Conjurations
  3276 | D:4      | Reached skill level 5 in Fire Magic
  3276 | D:4      | Reached XP level 7. HP: 56/56 MP: 6/10
  4073 | D:4      | Noticed Robin
  4379 | D:4      | Killed Robin
  4487 | D:4      | Reached skill level 6 in Fire Magic
  4632 | D:4      | Learned a level 4 spell: Sticky Flame
  4836 | D:5      | Entered Level 5 of the Dungeon
  4841 | D:5      | Found a staircase to the Ecumenical Temple.
  4863 | Temple   | Entered the Ecumenical Temple
  4957 | Temple   | Became a worshipper of Warmaster Okawaru
  5315 | D:5      | Found a deep blue altar of Sif Muna.
  5322 | D:5      | Reached XP level 8. HP: 57/66 MP: 11/11
  5665 | D:5      | Found Dexat's Book Emporium.
  5689 | D:5      | Reached skill level 7 in Fire Magic
  5733 | Temple   | Gained mutation: You can translocate small distances at will. [mutagenic meat]
  5734 | Temple   | Gained mutation: You are somewhat resistant to further mutation. [mutagenic meat]
  5737 | Temple   | Gained mutation: Your magical capacity is low. (-10% MP) [mutagenic meat]
  6282 | D:5      | Found a deep blue altar of Sif Muna.
  6285 | D:5      | Found a shadowy altar of Dithmenos.
  6288 | D:5      | Found a glowing silver altar of Zin.
  6291 | D:5      | Found a stormy altar of Qazlal.
  6405 | D:5      | Found a glowing golden altar of the Shining One.
  6556 | D:5      | Reached * piety under Okawaru
  6752 | D:6      | Found a glowing drain.
  6756 | Sewer    | Entered a sewer
  6919 | Sewer    | Found a white marble altar of Elyvilon.
  7029 | D:6      | Found a snail-covered altar of Cheibriados.
  7159 | D:6      | Noticed Pikel
  7165 | D:6      | Killed Pikel
  7165 | D:6      | Reached skill level 8 in Fire Magic
  7165 | D:6      | Reached XP level 9. HP: 71/71 MP: 0/10
  7476 | D:6      | Found a hazy altar of Hepliaklqana.
  7519 | D:6      | Reached ** piety under Okawaru
  7623 | D:6      | Gained mutation: You occasionally shout uncontrollably at your foes. [mutagenic meat]
  7946 | D:6      | Reached skill level 9 in Fire Magic
  8780 | D:7      | Noticed Prince Ribbit
  8790 | D:7      | Killed Prince Ribbit
  8903 | D:7      | Noticed Duvessa
  8903 | D:7      | Noticed Dowan
  9002 | D:7      | Learned a level 1 spell: Animate Skeleton
  9004 | D:7      | Learned a level 1 spell: Apportation
  9041 | D:7      | Reached XP level 10. HP: 43/79 MP: 5/13
  9117 | D:7      | Noticed tilp's ghost (novice HOFE)
  9175 | D:7      | Reached skill level 10 in Fire Magic
  9256 | D:7      | Got a brightly glowing morningstar
  9259 | D:7      | Identified the +5 morningstar "Killer Klown's Doom" {crush, +Inv Int-3 Stlth+} (You found it on level 7 of the Dungeon)
  9407 | D:7      | Got a transparent helmet
  9432 | D:6      | Identified the +1 helmet of Carrel {+Fly rC++ Regen+ Dex-4 Stlth+} (You found it on level 7 of the Dungeon)
  9600 | D:7      | Reached *** piety under Okawaru
 10340 | D:7      | Reached skill level 5 in Fighting
 10784 | D:8      | Noticed a two-headed ogre
 10797 | D:8      | Killed a two-headed ogre
 11266 | D:8      | Reached skill level 11 in Fire Magic
 11757 | D:8      | Reached **** piety under Okawaru
 11757 | D:8      | Reached skill level 10 in Conjurations
 12104 | D:9      | Gained mutation: Your muscles are strong. (Str +2) [mutagenic meat]
 12241 | D:9      | Reached XP level 11. HP: 86/86 MP: 1/14
 12370 | D:9      | Noticed a two-headed hydra
 12375 | D:9      | Killed a two-headed hydra
 12375 | D:9      | Reached skill level 12 in Fire Magic
 12375 | D:9      | Reached skill level 5 in Invocations
 12630 | D:9      | Found a bloodstained altar of Trog.
 12649 | D:9      | Reached ***** piety under Okawaru
 12652 | D:9      | Received a gift from Okawaru
 13103 | D:9      | Noticed a purple ugly thing
 13108 | D:9      | Killed a purple ugly thing
 13518 | D:10     | Entered Level 10 of the Dungeon
 13571 | D:10     | Noticed a two-headed ogre
 13584 | D:10     | Killed a two-headed ogre
 13696 | D:10     | Noticed a two-headed ogre
 13706 | D:10     | Killed a two-headed ogre
 13936 | D:10     | Learned a level 5 spell: Fireball
 14103 | D:10     | Noticed a two-headed ogre
 14157 | D:10     | Killed a two-headed ogre
 14550 | D:11     | Noticed a six-headed hydra
 14561 | D:11     | Killed a six-headed hydra
 14561 | D:11     | Reached XP level 12. HP: 28/94 MP: 2/16
 14631 | D:11     | Noticed asdu's ghost (journeyman DsCK)
 14650 | D:11     | Noticed a two-headed ogre
 14675 | D:11     | Noticed an eight-headed hydra
 14715 | D:11     | Reached skill level 13 in Fire Magic
 14755 | D:11     | Killed a two-headed ogre
 14801 | D:11     | Received a gift from Okawaru
 14916 | D:11     | Found a shattered altar of Ashenzari.
 14973 | D:10     | HP: 4/94 [killer bee (9)]
 15130 | D:11     | Killed an eight-headed hydra
 15142 | D:11     | Got a twisted rapier {god gift}
 15143 | D:11     | Identified the +1 rapier "Myrois" {protect, +Inv} (Okawaru gifted it to you on level 11 of the Dungeon)
 15203 | D:11     | Found a staircase to the Lair.
 15384 | D:11     | Noticed Sonja
 15387 | D:11     | Killed Sonja
 15387 | D:11     | Reached skill level 5 in Spellcasting
 15808 | D:11     | Gained mutation: Your movements are slightly less encumbered by armour. (ER -2) [mutagenic meat]
 15810 | D:11     | Gained mutation: Armour fits poorly on your strangely shaped body. [mutagenic meat]
 16116 | D:11     | Received a gift from Okawaru
 16116 | D:11     | Reached skill level 14 in Fire Magic
 16122 | D:11     | Got a faintly glowing plate armour {god gift}
 16133 | D:11     | Identified the +1 plate armour "Mahaoh" {rPois} (Okawaru gifted it to you on level 11 of the Dungeon)
 16271 | D:11     | Noticed Fannar
 17077 | D:12     | Noticed a two-headed ogre
 17095 | D:12     | Killed a two-headed ogre
 17267 | D:12     | Noticed a two-headed ogre
 17276 | D:12     | Killed a two-headed ogre
 17527 | D:12     | Found a staircase to the Orcish Mines.
 17675 | D:11     | Lost mutation: You occasionally shout uncontrollably at your foes. [mutagenic meat]
 17676 | D:11     | Gained mutation: Your flesh is cold resistant. (rC+) [mutagenic meat]
 17861 | D:12     | Reached XP level 13. HP: 105/105 MP: 7/18
 18180 | D:12     | Mangled by an earth elemental

Vault maps used:
D:1:      ncdulo_watergridlock
D:2:      uniq_terence
D:4:      first_bread, uniq_pikel, uniq_robin, uniq_sigmund
D:5:      kennysheep_little_box, grunt_temple_overflow_cloverleaf,
          minmay_temple_entry_large_hall, basic_altar, serial_shops, shop
D:6:      black_bear_nest_1, lemuel_doored_altar, gup_sewer_entry_bowl,
          minivault_11, cheibriados_altar_1
D:7:      uniq_duvessa, uniq_prince_ribbit1
D:9:      hangedman_ranch, trog_eyes_of_draining
D:11:     erik_lair_island, hangedman_glass_teeth, nicolae_ashenzari_panopticon,
          uniq_sonja, uniq_fannar
D:12:     old_forge, nicolae_ru_awakened_eye
Temple:   minmay_temple_bridge_d
Sewer:    sewer_kobolds

Skill      XL: |  1  2  3  4  5  6  7  8  9 10 11 12 |
---------------+-------------------------------------+-----
Spellcasting   | 2 3 4 5 |  5.1
Conjurations   | 2 3 4 5 7 8 10 11 12 | 12.9
Fire Magic     | 4 5 6 8 9 11 12 14 | 14.5
Fighting       | 1 2 4 5 7 |  7.0
Dodging        | 3 |  3.3
Invocations    | 4 5 |  5.1
Stealth        | |  1.5

Action                   |  1- 3 |  4- 6 |  7- 9 | 10-12 | 13-15 || total
-------------------------+-------+-------+-------+-------+-------++-------
Melee: Club              |    13 |       |       |       |       ||    13
       Unarmed           |     3 |       |       |       |       ||     3
       Dagger            |    72 |    85 |   339 |    21 |       ||   517
       Morningstar       |       |       |       |   390 |    17 ||   407
       Rapier            |       |       |       |    23 |       ||    23
 Fire: Hunting sling     |       |     3 |       |       |       ||     3
Throw: Stone             |    30 |       |       |       |       ||    30
       Javelin           |       |       |       |    41 |     5 ||    46
       Tomahawk          |       |       |       |    26 |       ||    26
 Cast: Flame Tongue      |    33 |    24 |   106 |   182 |     5 ||   350
       Throw Flame       |     1 |     3 |     4 |    38 |     3 ||    49
       Conjure Flame     |       |     2 |     3 |    48 |     1 ||    54
       Sticky Flame      |       |       |    10 |    44 |     3 ||    57
       Fireball          |       |       |       |     3 |     2 ||     5
Invok: Heroism           |       |       |       |     5 |       ||     5
       Finesse           |       |       |       |     1 |       ||     1
Evoke: Wand              |       |     2 |     1 |       |       ||     3
  Use: Scroll            |       |     9 |     5 |     8 |       ||    22
       Potion            |       |     1 |     1 |     8 |       ||    10
 Stab: Sleeping          |     1 |       |       |     2 |       ||     3
  Eat: Chunk             |     2 |     2 |    24 |    43 |       ||    71
       Bread ration      |       |     1 |       |       |       ||     1
       Fruit             |       |       |     5 |     7 |     2 ||    14
       Meat ration       |       |       |     1 |     1 |       ||     2
Armor: Leather armour    |    42 |    25 |    84 |    76 |       ||   227
       Robe              |     2 |       |       |       |       ||     2
       Troll leather arm |       |       |       |   155 |     5 ||   160
Dodge: Dodged            |    72 |    48 |   200 |   430 |    23 ||   773
